 Dungeon Crawl Stone Soup version 0.30-a0-691-g754fce4c43 (webtiles) character file.

Game seed: 13848965567557779397

142 wormed the Ducker (level 5, -3/25 HPs)
             Began as a Felid Chaos Knight on Jan 20, 2023.
             Was a Plaything of Xom.
             Killed by divine providence
             ... invoked by an orc priest
              (12 damage)
             ... on level 3 of the Dungeon.
             The game lasted 00:04:28 (2774 turns).

wormed the Ducker (Felid Chaos Knight)              Turns: 2774, Time: 00:04:28

Health: -3/25      AC:  2    Str:  8    XL:     5   Next: 3%
Magic:  6/6        EV: 19    Int: 16    God:    Xom [...*..]
Gold:   196        SH:  0    Dex: 15    Spells: 4/4 levels left
                                        Lives:  0   Deaths: 1

rFire   . . .      SeeInvis +      - Unarmed
rCold   . . .      Faith    .    (shield unavailable)
rNeg    . . .      Spirit   .    (body armour unavailable)
rPois   .          Reflect  .    (helmet unavailable)
rElec   .          Harm     .    (cloak unavailable)
rCorr   .          Rampage  .    (gloves unavailable)
Will    .....                    (boots unavailable)
Stlth   +++                      (no amulet)
HPRegen 0.24/turn                e - ring of flight
MPRegen 0.10/turn                (no ring)

@: flying, quick
A: very small, claws 1, fangs 3, see invisible, speed 1, shaggy fur 2, stealthy
paws, no weapons or thrown items, no armour, multi-lived
a: Renounce Religion


You were on level 3 of the Dungeon.
You worshipped Xom.
You were a favourite toy of Xom.
You visited 1 branch of the dungeon, and saw 3 of its levels.

You collected 196 gold pieces.

Inventory:

Jewellery
 e - a ring of flight (left paw)
 l - a ring of wizardry
Wands
 j - a wand of flame (24)
Scrolls
 c - a scroll of immolation {unknown}
 d - 3 scrolls of identify
 g - a scroll of noise {unknown}
 h - a scroll of teleportation {unknown}
 k - a scroll of fog {unknown}
Potions
 b - a potion of attraction
 f - 2 potions of haste {unknown}
 i - a potion of lignification {unknown}
Miscellaneous
 a - a piece from Xom's chessboard (15/15) (quivered)


   Skills:
 + Level 4.2 Fighting
 + Level 5.1 Dodging
 + Level 4.0 Stealth
 + Level 4.2 Unarmed Combat


You had 4 spell levels left.
You didn't know any spells.
Your spell library contained the following spells:

 Spells                   Type           Power      Damage    Failure   Level
 Lesser Beckoning         Tloc           0%         N/A       36%         2
 Gell's Gravitas          Tloc           0%         N/A       58%         3
 Kindle Blastsparks       Fire/Tloc/Air  0%         2d10      58%         3
 Teleport Other           Tloc           0%         N/A       58%         3
 Fulminant Prism          Conj/Hex       0%         3d5       94%         4
 Iskenderun's Mystic Bla  Conj/Tloc      0%         2d3       94%         4
 Manifold Assault         Tloc           0%         N/A       94%         4
 Lee's Rapid Deconstruct  Erth           0%         3d4*      100%        5
 Dispersal                Tloc           0%         N/A       100%        6
 Disjunction              Tloc           0%         N/A       100%        8


Dungeon Overview and Level Annotations

Branches:
Dungeon (3/15)

Altars:

Shops:
D:2 (


Innate Abilities, Weirdness & Mutations

You have sharp claws.
You have razor-sharp teeth.
You have supernaturally acute eyesight. (SInv)
You cover ground quickly. (Speed+)
You are covered in thick fur. (AC +2)
Your paws help you pounce on unaware monsters.
You are incapable of wielding weapons or throwing items.
You cannot wear armour.
You gain extra lives every three experience levels.


Message History

The endoplasm is heavily wounded.
You scratch the endoplasm.
The endoplasm is almost dead.
The endoplasm freezes you.
You are frozen.
You scratch the endoplasm.
You kill the endoplasm!
No target in view!
No target in view!
c - a scroll labelled SONUNG NISE
There is a broken door here.
You are now a favourite toy of Xom.
j - a wand of flame (24)
k - a scroll labelled ZYRPHA TYNAEROSK You now have 196 gold pieces (gained 11).
l - a ring of wizardry
There is a broken door here.
Found a stone staircase leading up. "Serve the toy, my child!"
The orc priest misses you.
You closely miss the orc priest.
The orc priest is moderately wounded.
The orc priest hits you with a +2 hand axe of flaming!
The orc priest burns you.
You scratch the orc priest.
The orc priest is severely wounded.
The orc priest closely misses you.
You scratch the orc priest but do no damage.
You bite the orc priest, but do no damage.
The orc priest is severely wounded.
You barely miss the orc priest.
The orc priest is severely wounded.
The orc priest invokes the aid of Beogh against you.
Pain shoots through your body!
You barely miss the orc priest.
You bite the orc priest, but do no damage.
The orc priest is severely wounded.
The orc priest mumbles some strange prayers to Beogh against you.
Beogh smites you!
You die...

### #############.#
..............# ###############
#############.#####..............
#.##.o.#.############ #.##@#.#.#
. #.... #.##5#.#.# #.#....
#############)##.#.#.. ..##.#####
..............##.#.### #........
################.#.# #.#.#....
#................#o# #..>.
#.#..............#.# # #..##
#....()........#.# #.#..##
#...#..........#.#.# #......


You could see an orc priest (ally target) and a friendly white imp (summoned).

Vanquished Creatures
  Sigmund (D:3)
  5 adders
  2 dart slugs
  3 orcs (D:3)
  5 endoplasms
  3 giant cockroaches
  9 goblins
  6 hobgoblins
  7 jackals (D:1)
  6 kobolds
  3 quokkas
  5 ball pythons
  7 bats
  4 frilled lizards
  3 rats
69 creatures vanquished.

Notes
Turn   | Place    | Note
-------+----------+-------------------------------------------
     0 | D:1      | wormed the Felid Chaos Knight began the quest for the Orb.
     0 | D:1      | Reached XP level 1. HP: 10/10 MP: 2/2
    93 | D:1      | Reached skill level 1 in Stealth
   103 | D:1      | Reached XP level 2. HP: 14/14 MP: 3/3
   438 | D:1      | Found a faded altar of an unknown god.
   450 | D:1      | Reached XP level 3. HP: 17/17 MP: 4/4
   532 | D:1      | XOM: silly message
   542 | D:1      | XOM: silly message
   908 | D:2      | Found Vaxaen's Antique Weapon Boutique.
   938 | D:2      | XOM: silly message
  1183 | D:2      | Reached skill level 4 in Dodging
  1606 | D:2      | XOM: god gift: robe {god gift}
  1837 | D:2      | Reached XP level 4. HP: 21/21 MP: 5/5
  2290 | D:3      | Noticed Sigmund
  2299 | D:3      | Killed Sigmund
  2300 | D:3      | Reached skill level 5 in Dodging
  2300 | D:3      | Reached XP level 5. HP: 25/25 MP: 6/6
  2475 | D:3      | Gained mutation: You are covered in thick fur. (AC +2)
                  | [Felid growth]
  2475 | D:3      | Reached XP level 6. HP: 28/28 MP: 7/7
  2557 | D:3      | XOM: summons 2 friendly demons
  2571 | D:3      | Killed from afar by an orc priest
  2572 | D:3      | Reached XP level 5. HP: -4/25 MP: 6/6
  2762 | D:3      | XOM: summons friendly white imp
  2774 | D:3      | Killed from afar by an orc priest

Illustrated notes

Levels and vault maps discovered:
D:1:      dpeg_arrival_short_road, layout_basic,
          hellmonk_ecumenical_altar_dog_temple
D:2:      minmay_door_path, layout_loops_cross, serial_shops,
          nicolae_diamond_shop, nicolae_concentric_dashed_squares_mild,
          chequers_serial_rivers_micro_a, minmay_circled_x
D:3:      layout_basic, uniq_sigmund

Skill      XL: |  1  2  3  4  5 |
---------------+----------------+-----
Stealth        | 1 2 3 4 |  4.0
Dodging        | 4 5 |  5.1
Fighting       | 4 |  4.2
Unarmed Combat | 4 |  4.2

Action                   |  1- 3 |  4- 6 || total
-------------------------+-------+-------++-------
Melee: Unarmed           |   151 |    56 ||   207
       Punch             |     5 |       ||     5
       Bite              |     8 |     4 ||    12
Evoke: Piece from Xom's  |       |     1 ||     1
  Use: Potion            |     1 |     2 ||     3
       Scroll            |     1 |       ||     1
 Stab: Sleeping          |     8 |     4 ||    12
       Distracted        |     1 |       ||     1
       Paralysed         |       |     2 ||     2
Armor: Skin              |    12 |       ||    12
Dodge: Dodged            |   111 |    26 ||   137

Table legend: (Time is in decaauts)
 A = Elapsed time spent in this place.
 B = Non-inter-level travel time spent in this place.
 C = Inter-level travel time spent in this place.
 D = Time resting spent in this place.
 E = Time spent auto-exploring this place.
 F = Levels seen in this place.
 G = Mean time per level.
                   A        B        C        D        E       F      G
               +--------+--------+--------+--------+--------+-----+--------+
         Total |   2330 |   2271 |     59 |      0 |   1739 |   3 |  776.7 |
       Dungeon |   2330 |   2271 |     59 |      0 |   1739 |   3 |  776.7 |
               +--------+--------+--------+--------+--------+-----+--------+

Top non-repeatable levels by time:
     D:2: 820 daAuts
     D:3: 756 daAuts
     D:1: 753 daAuts
